 Dungeon Crawl Stone Soup version 0.29-a0-2-g12fcac58f8 (webtiles) character file.

Game seed: 10508372762456097866

7985 shoop the Covert (level 11, -1/60 HPs)
             Began as a Vampire Delver on Jan 23, 2022.
             Was a Follower of Uskayaw.
             Slain by a death yak (36 damage)
             ... on level 9 of the Dungeon on Jan 26, 2022.
             The game lasted 00:37:54 (11527 turns).

shoop the Covert (Vampire Delver)                  Turns: 11527, Time: 00:37:55

Health: -1/60      AC:  0    Str:  9 (11) XL:     11   Next: 4%
Magic:  12/17      EV: 20    Int: 14 (16) God:    Uskayaw [*.....]
Gold:   529        SH:  0    Dex: 20 (22) Spells: 8/14 levels left

rFire   . . .      SeeInvis +   (weapon currently unavailable)
rCold   + + .      Faith    .   (shield currently unavailable)
rNeg    + + +      Spirit   .   (armour currently unavailable)
rPois   ∞          Reflect  .   (helmet currently unavailable)
rElec   .          Harm     .   (cloak currently unavailable)
rCorr   .          Rampage  .   (gloves currently unavailable)
Will    +....                   (boots currently unavailable)
Stlth   ++++++++..              (no amulet)
HPRegen 0.20/turn               (ring currently unavailable)
MPRegen 0.15/turn               (ring currently unavailable)

@: swift, bat-form, flying, bloodless, very quick
A: fast, flying, no casting, tiny, bloodless, fangs 3, see invisible, vampiric
2, (poison resistance)
a: Revivify, End Transformation, Renounce Religion, Stomp


You were on level 9 of the Dungeon.
You worshipped Uskayaw.
Uskayaw was aware of your devotion.
You were a vampire bat.
You visited 1 branch of the dungeon, and saw 9 of its levels.

You collected 565 gold pieces.
You spent 36 gold pieces at shops.

Inventory:

Hand Weapons
 a - a +0 short sword
 v - a +2 dagger of venom (melded)
Missiles
 N - 3 throwing nets (quivered)
Armour
 b - a +0 leather armour (melded)
 f - a +0 kite shield
 j - a +1 cloak
 m - a +0 pair of gloves (melded)
 o - an orb of mayhem (melded)
 q - a +2 pair of boots (melded)
 A - a +0 helmet (melded)
 L - the +1 chain mail of the Amoeba {rC+ Dex+4}
   (You found it on level 5 of the Dungeon)

   Dex:       It affects your dexterity (+4).
   rC:        It protects you from cold.
 S - a scarf of invisibility (melded)
 T - +0 steam dragon scales
 U - +0 acid dragon scales
Jewellery
 p - a ring of protection from fire
 u - a ring of willpower
 w - a ring of positive energy
 y - a ring of ice
 E - a ring of wizardry
 F - a ring of fire
 J - a +6 ring of dexterity (melded)
 K - a ring of protection from cold (melded)
Wands
 g - a wand of digging (3)
 D - a wand of acid (7)
 G - a wand of iceblast (7)
 H - a wand of flame (35)
 R - a wand of polymorph (4)
Scrolls
 c - 2 scrolls of fog
 d - 4 scrolls of magic mapping
 e - 2 scrolls of fear
 h - a scroll of enchant armour {unknown}
 i - 4 scrolls of blinking {unknown}
 k - 2 scrolls of noise {unknown}
 l - 8 scrolls of identify
 s - 3 scrolls of amnesia {unknown}
 t - 2 scrolls of teleportation {unknown}
 B - a scroll of brand weapon {unknown}
 C - 3 scrolls of immolation {unknown}
 I - a scroll of torment
 M - 2 scrolls of enchant weapon {unknown}
Potions
 n - a potion of curing
 r - 4 potions of brilliance
 x - a potion of magic {unknown}
 z - a potion of invisibility {unknown}
 O - 2 potions of flight {unknown}
 P - a potion of lignification {unknown}
 Q - a potion of haste


   Skills:
 - Level 3.0 Fighting
 - Level 10.0 Short Blades
 - Level 2.4 Dodging
 + Level 14.0 Stealth
 - Level 2.0 Spellcasting
 - Level 2.0 Conjurations
 - Level 2.0 Air Magic
 - Level 2.0 Poison Magic
 + Level 8.7 Invocations
 + Level 5.0 Evocations


You had 8 spell levels left.
You knew the following spells:

 Your Spells              Type           Power      Damage    Failure   Level
a - Mephitic Cloud        Conj/Pois/Air  7%         N/A       30%         3
s - Swiftness             Air            7%         N/A       30%         3

Your spell library contained the following spells:

 Spells                   Type           Power      Damage    Failure   Level
 Shock                    Conj/Air       28%        1d4       11%         1
 Sublimation of Blood     Necr           1%         N/A       34%         2
 Wereblood                Tmut           1%         N/A       34%         2
 Ignite Poison            Fire/Tmut/Pois 3%         N/A       50%         3
 Gell's Gravitas          Tloc           1%         N/A       56%         3
 Lesser Beckoning         Tloc           1%         N/A       56%         3
 Teleport Other           Tloc           1%         N/A       56%         3
 Airstrike                Air            3%         N/A       71%         4
 Freezing Cloud           Conj/Ice/Air   2%         6-21      98%         5
 Summon Hydra             Summ           0%         N/A       100%        7


Dungeon Overview and Level Annotations

Branches:
Dungeon (9/15)             Temple (0/1) D:5            Lair (0/6) D:9
    Orc: D:9-12

Altars:
Cheibriados
Elyvilon
Uskayaw

Shops:
D:1 [   D:2 :   D:4 *

Annotations:
D:4 knot's ghost, amateur DsBe
D:7 exclusions: orc, orc priest, 2 wights and 1 more exclusion
D:9 exclusions: 3 death yaks, quokka and 3 yaks


Innate Abilities, Weirdness & Mutations

You are a vampire bat.
You are tiny and dextrous.
You move quickly.
You are flying.
Your equipment is almost entirely melded.
You are incapable of wielding weapons or throwing items.
You cannot cast spells.
You do not regenerate when monsters are visible.
You are frail without blood (-20% HP).
You can heal yourself when you bite living creatures.
You are immune to poison.
You have razor-sharp teeth.
You have supernaturally acute eyesight. (SInv)
You are afflicted with vampirism and can become a bat while bloodless.
((Your system is resistant to poisons. (rPois)))


Message History

The death yak gores the death yak!!
The death yak dies!
Your Stealth skill increases to level 14!
Your Evocations skill increases to level 5!
You have reached level 11!
The death yak bellows!
Press: ? - help, v - describe, . - travel
Here: a death yak (fast, strong, frenzied and insane)
The floor, spattered with blood.
Press: ? - help, v - describe, . - travel
Here: a death yak (fast, strong, frenzied and insane)
The floor, spattered with blood.
Save game and exit?
Level annotation: exclusions: 3 death yaks, quokka and 3 yaks Welcome back, shoop the Vampire Delver.
Uskayaw says: Surrender yourself to the rhythm!
Press ? for a list of commands and other information.
Cast which spell? (? or * to list)
You feel quick.
The death yak bellows!
As you read the scroll labelled QAESKUOCVE, it crumbles to dust.
It is a scroll of identify.
I - a scroll of torment
Okay, then.
Okay, then.
You turn into a vampire bat.
Your +2 dagger of venom melds into your body.
Your scarf of invisibility melds into your body.
Your +0 helmet melds into your body.
Your +0 pair of gloves melds into your body.
Your +2 pair of boots melds into your body.
Your orb of mayhem melds into your body.
Your +0 leather armour melds into your body.
Your +6 ring of dexterity melds into your body.
Your ring of protection from cold melds into your body.
Your +2 dagger of venom stops dripping with poison.
You feel clumsy.
You feel weakened.
You feel dopey.
You feel clumsy. The death yak gores you!!!
Ouch! That really hurt!
You die...

####........................>....
####...#####...#####............#
.......#####.....................
.................................
#####..#########..#####..########
#..# #..# #..# #..# #..#####..#
#####..#########.........########
.......$.†.....Yb..............))
##.....#.##.......(............))
#........#....########...#######
#........#....########...#
#.......†#...$...........#######
.....#.......$..................
..............................##
.....(>.....#########.#######..#
....#.................#######..##


You could see a neutral death yak (fast, strong, insane).

Vanquished Creatures
  Harold (D:8)
  A two-headed ogre (D:9)
  Grinder (D:5)
  9 yaks
  2 steam dragons
  Menkaure (D:5)
  Edmund (D:5)
  An acid dragon (D:9)
  2 water moccasins
  4 sky beasts
  An orc warrior (D:8)
  2 black bears
  2 ice beasts (D:3)
  3 ogres
  3 centaurs
  4 bullfrogs
  A scorpion (D:4)
  3 killer bees (D:9)
  8 wights
  A howler monkey (D:5)
  A bullfrog zombie (D:6)
  3 centaur zombies
  A water moccasin simulacrum (D:4)
  A bullfrog skeleton (D:5)
  3 hounds
  2 jellies
  5 orc priests
  2 iguanas
  3 orc wizards
  A scorpion zombie (D:5)
  A hell rat (D:9)
  A killer bee zombie (D:7)
  A scorpion simulacrum (D:4)
  A hound skeleton (D:5)
  A howler monkey zombie (D:5)
  6 gnolls
  6 adders
  A hound simulacrum (D:4)
  A shadow imp (D:5)
  3 white imps
  4 ufetubi
  An adder zombie (D:5)
  A worm (D:4)
  4 dart slugs
  An adder simulacrum (D:4)
  27 orcs
  8 endoplasms
  2 giant cockroaches
  5 goblins
  8 hobgoblins
  5 jackals (D:1)
  4 quokkas
  12 ball pythons
  7 bats
  3 frilled lizards
  A jackal simulacrum (D:4)
  10 kobolds
  3 rats
201 creatures vanquished.

Vanquished Creatures (collateral kills)
  2 death yaks (D:9)
  2 yaks (D:9)
  A centaur zombie (D:9)
  A hell rat (D:9)
6 creatures vanquished.

Vanquished Creatures (others)
  A bush (D:4)
  2 fungi (D:6)
  4 plants (D:4)
  4 toadstools (D:6)
11 creatures vanquished.

Grand Total: 218 creatures vanquished

Notes
Turn   | Place    | Note
-------+----------+-------------------------------------------
     0 | D:5      | shoop the Vampire Delver began the quest for the Orb.
     0 | D:5      | Reached XP level 1. HP: 17/17 MP: 1/1
   215 | D:4      | Noticed a scorpion
   347 | D:4      | Noticed a water moccasin simulacrum
   353 | D:4      | Found a runed translucent gate.
   353 | D:4      | Found a runed translucent gate.
   355 | D:4      | Found a runed translucent gate.
   357 | D:4      | Found a snail-covered altar of Cheibriados.
   442 | D:3      | Noticed an ice beast
   598 | D:2      | Reached XP level 2. HP: 16/18 MP: 2/2
  1008 | D:1      | Found Ohoumar's Armour Emporium.
  1241 | D:1      | Gained mutation: You are afflicted with vampirism and can
                  | become a bat while bloodless. [Vampire growth]
  1241 | D:1      | Reached XP level 3. HP: 26/26 MP: 3/3
  1771 | D:2      | Noticed a golden eye
  1777 | D:2      | Found a faded altar of an unknown god.
  1778 | D:2      | Noticed an eye of devastation
  1778 | D:2      | Noticed a great orb of eyes
  1778 | D:2      | Noticed a golden eye
  1983 | D:2      | Reached XP level 4. HP: 31/31 MP: 4/4
  2150 | D:2      | Found Rist's Book Emporium.
  2572 | D:3      | Found a hide-covered altar of Uskayaw.
  2582 | D:3      | Became a worshipper of Uskayaw the Reveller
  2632 | D:3      | Reached * piety under Uskayaw
  2679 | D:2      | Gained mutation: Your system is resistant to poisons.
                  | (rPois) [potion of mutation]
  2853 | D:3      | Reached ** piety under Uskayaw
  2946 | D:3      | Reached skill level 5 in Short Blades
  2946 | D:3      | Reached skill level 1 in Invocations
  2946 | D:3      | Reached XP level 5. HP: 34/36 MP: 5/5
  3400 | D:4      | Found Astricau's Assorted Antiques.
  3403 | D:4      | Bought a scroll labelled VISURPHOLON for 19 gold pieces
  3403 | D:4      | Bought an orange potion for 17 gold pieces
  3479 | D:4      | Noticed knot's ghost (amateur DsBe)
  3479 | D:4      | Noticed an ice beast
  3713 | D:4      | Noticed an ogre
  3958 | D:4      | Learned a level 3 spell: Mephitic Cloud
  3968 | D:4      | Killed an ogre
  3987 | D:4      | Reached XP level 6. HP: 47/47 MP: 7/7
  4527 | D:4      | Reached skill level 1 in Spellcasting
  4886 | D:5      | Reached skill level 1 in Conjurations
  4908 | D:5      | Found a staircase to the Ecumenical Temple.
  5345 | D:5      | Noticed Menkaure
  5350 | D:5      | Reached XP level 7. HP: 45/52 MP: 9/9
  5779 | D:5      | Noticed Edmund
  5838 | D:5      | Killed Edmund
  5910 | D:5      | Reached *** piety under Uskayaw
  5911 | D:5      | Killed Menkaure
  5912 | D:5      | Reached XP level 8. HP: 9/58 MP: 11/11
  6336 | D:6      | Noticed Grinder
  6496 | D:5      | Killed Grinder
  6497 | D:5      | Reached skill level 1 in Air Magic
  6497 | D:5      | Reached skill level 1 in Poison Magic
  7054 | D:6      | Reached skill level 5 in Invocations
  7054 | D:6      | Reached XP level 9. HP: 62/63 MP: 12/12
  7445 | D:4      | Reached skill level 8 in Stealth
  7600 | D:7      | Reached **** piety under Uskayaw
  7601 | D:7      | Reached skill level 1 in Evocations
  7609 | D:7      | Reached ***** piety under Uskayaw
  7618 | D:7      | Reached skill level 10 in Short Blades
  8222 | D:7      | Reached skill level 9 in Stealth
  8341 | D:5      | Identified the +1 chain mail of the Amoeba {rC+ Dex+4}
  8347 | D:5      | Learned a level 3 spell: Swiftness
  9004 | D:8      | Reached skill level 10 in Stealth
  9400 | D:8      | Noticed Harold
  9402 | D:8      | Killed Harold
  9403 | D:8      | Reached skill level 11 in Stealth
  9403 | D:8      | Reached XP level 10. HP: 70/70 MP: 13/15
  9768 | D:8      | Reached skill level 12 in Stealth
 10160 | D:9      | Noticed a death yak
 10165 | D:9      | Noticed a death yak
 10434 | D:9      | Noticed a death yak
 10885 | D:9      | Reached skill level 13 in Stealth
 10988 | D:9      | Noticed a two-headed ogre
 10995 | D:9      | Killed a two-headed ogre
 11476 | D:9      | Found a staircase to the Lair.
 11516 | D:9      | Killed a death yak
 11522 | D:9      | Killed a death yak
 11523 | D:9      | Reached skill level 14 in Stealth
 11523 | D:9      | Reached skill level 5 in Evocations
 11523 | D:9      | Reached XP level 11. HP: 34/60 MP: 17/17
 11524 | D:9      | Upgraded the game from 0.28-a0-1624-g820543e53a to
                  | 0.29-a0-2-g12fcac58f8
 11527 | D:9      | Slain by a death yak

Illustrated notes

Levels and vault maps discovered:
D:1:      minmay_arrival_solitary_statue, layout_loops_ring, serial_shops,
          nicolae_shop_trees, minmay_misc_feat_hallway, fountainhead, hex_medium
D:2:      layout_loops_ring, serial_shops, nicolae_diamond_shop,
          hellmonk_ecumenical_altar_watching_god, minmay_cut_off
D:3:      layout_loops_ring, gammafunk_temple_overflow_pools,
          minmay_close_crescents
D:4:      layout_loops_corners, mainiacjoe_overflow_small_starburst,
          gammafunk_ghost_icy, serial_forest, infiniplex_forest_end_double,
          infiniplex_forest_fountain, infiniplex_forest_clump_tiny,
          infiniplex_forest_clump_medium, infiniplex_forest_lined_3,
          infiniplex_forest_fountain, infiniplex_forest_clump_small,
          infiniplex_forest_clump_tiny, serial_shops, kennysheep_mini
D:5:      layout_loops_ring, minmay_temple_entry_trees,
          nicolae_fountain_basement, uniq_menkaure, uniq_edmund
D:6:      layout_rooms, minmay_gold_behind_fungi, uniq_grinder
D:7:      layout_cave_pools
D:8:      layout_gridville, nicolae_two_hexagons, uniq_harold
D:9:      layout_long_grid, dpeg_lair_monsters

Skill      XL: |  1  2  3  4  5  6  7  8  9 10 |
---------------+-------------------------------+-----
Fighting       | 3 |  3.0
Short Blades   | 3 4 5 6 7 9 10 | 10.0
Invocations    | 1 2 3 5 7 8 |  8.7
Spellcasting   | 1 2 |  2.0
Conjurations   | 1 2 |  2.0
Air Magic      | 2 |  2.0
Poison Magic   | 2 |  2.0
Stealth        | 11 14 | 14.0
Evocations     | 3 5 |  5.0
Dodging        | |  2.4

Action                   |  1- 3 |  4- 6 |  7- 9 | 10-12 || total
-------------------------+-------+-------+-------+-------++-------
Melee: Short sword       |   123 |   301 |     9 |       ||   433
       Bite              |    14 |    32 |    75 |    19 ||   140
       Punch             |     1 |     5 |    10 |     3 ||    19
       Dagger            |       |     1 |   493 |   150 ||   644
 Cast: Mephitic Cloud    |       |       |     1 |     1 ||     2
       Swiftness         |       |       |       |     1 ||     1
Invok: Grand Finale      |       |       |     1 |       ||     1
 Abil: Exsanguinate      |     2 |       |       |     1 ||     3
       Revivify          |     1 |       |       |       ||     1
       Bat Form          |       |       |       |     1 ||     1
  Use: Potion            |       |     5 |     1 |       ||     6
       Scroll            |       |       |       |     1 ||     1
 Stab: Sleeping          |    13 |     8 |     7 |     2 ||    30
       Distracted        |       |     2 |     1 |     1 ||     4
       Paralysed         |       |       |     5 |     1 ||     6
       Confused          |       |       |     1 |     2 ||     3
Armor: Leather armour    |    39 |    88 |   124 |    22 ||   273
Dodge: Dodged            |    59 |   146 |   188 |    56 ||   449

Table legend: (Time is in decaauts)
 A = Elapsed time spent in this place.
 B = Non-inter-level travel time spent in this place.
 C = Inter-level travel time spent in this place.
 D = Time resting spent in this place.
 E = Time spent auto-exploring this place.
 F = Levels seen in this place.
 G = Mean time per level.
                   A        B        C        D        E       F      G
               +--------+--------+--------+--------+--------+-----+--------+
         Total |  11152 |  10433 |    719 |    451 |   7045 |   9 | 1239.1 |
       Dungeon |  11152 |  10433 |    719 |    451 |   7045 |   9 | 1239.1 |
               +--------+--------+--------+--------+--------+-----+--------+

Top non-repeatable levels by time:
     D:4: 2153 daAuts
     D:5: 1686 daAuts
     D:9: 1567 daAuts
     D:8: 1158 daAuts
     D:3: 1088 daAuts
     D:2: 921 daAuts
     D:1: 915 daAuts
     D:7: 893 daAuts
     D:6: 768 daAuts
